 Dungeon Crawl Stone Soup version 0.22-a0-322-g60b3cfd (webtiles) character file.

93 sankara the Chopper (level 4, -6/41 HPs)
             Began as a Hill Orc Monk on Apr 4, 2018.
             Hit by a tomahawk thrown by an orc warrior (16 damage)
             ... on level 2 of the Dungeon.
             The game lasted 00:05:04 (2818 turns).

sankara the Chopper (Hill Orc Monk)                 Turns: 2818, Time: 00:05:05

Health: -6/41      AC:  2    Str: 13    XL:     4   Next: 61%
Magic:  4/4        EV: 13    Int: 11    God:
Gold:   20         SH:  0    Dex: 13    Spells: 3/3 levels left

rFire    . . .     SeeInvis .   a - +0 hand axe
rCold    . . .     Gourm    .   (no shield)
rNeg     . . .     Faith    .   h - +0 robe
rPois    .         Spirit   .   (no helmet)
rElec    .         Reflect  .   (no cloak)
rCorr    .         Harm     .   (no gloves)
MR       .....                  (no boots)
Stlth    ++........             (no amulet)
HPRegen  0.13/turn              (no ring)
MPRegen  0.09/turn              (no ring)

@: no status effects
A: no striking features
a: no special abilities


You were on level 2 of the Dungeon.
You were not hungry.

You visited 1 branch of the dungeon, and saw 2 of its levels.

You collected 20 gold pieces.

Inventory:

Hand Weapons
 a - a +0 hand axe (weapon)
 b - a +0 hunting sling
   (You found it on level 1 of the Dungeon)
Missiles
 e - 26 stones (quivered)
 m - 2 throwing nets {=f, !d}
Armour
 h - a +0 robe (worn)
Jewellery
 o - an uncursed ring of ice {rC+, rF-}
   (You found it on level 2 of the Dungeon)
Scrolls
 d - a scroll of teleportation {unknown}
 g - a scroll of remove curse {unknown}
 j - 3 scrolls of identify {unknown}
 k - a scroll of enchant weapon {unknown}
 n - a scroll of amnesia {unknown}
Potions
 f - a potion of agility {unknown}
 i - a potion of degeneration {unknown}
 p - a potion of brilliance {unknown}
Comestibles
 c - a ration
 l - a chunk of flesh {@w0}


   Skills:
 + Level 4.6 Fighting
 * Level 6.1 Axes
 - Level 2.4 Dodging
 - Level 1.5 Stealth


You had 3 spell levels left.
You didn't know any spells.

Dungeon Overview and Level Annotations

Branches:
Dungeon (2/15)

Altars:
Ashenzari
Hepliaklqana
Sif Muna
Xom


Message History

No target in view!
No target in view!
HP restored.
Eating one of 3 chunks of flesh {@w0}.
You eat one of the 3 chunks of flesh {@w0}.
This raw flesh tastes terrible.
You open the door.
Found a shattered altar of Ashenzari.
Found a deep blue altar of Sif Muna.
A rat comes into view.
A rat is nearby!
A rat is nearby!
A rat is nearby!
You slash the rat!
You kill the rat!
No target in view!
No target in view!
You see here a rat corpse.
You butcher the rat corpse.
l - 3 chunks of flesh {@w0} (gained 1)
You see here a rat skeleton.
You open the door.
Some of the chunks of flesh in your inventory have rotted away.
There is an open door here.
There is a deep blue altar of Sif Muna here.
You open the door.
There is an open door here.
Some of the chunks of flesh in your inventory have rotted away.
You found a teleport trap!
You see here a ring mail.
There is a stone staircase leading down here.
There is a stone staircase leading down here.
You see here 19 arrows.
You see here a short sword.
An orc comes into view. It is wielding a morningstar.
The orc shouts!
An orc is nearby!
An orc warrior comes into view. It is wielding a scimitar.
The orc warrior moves out of view.
An orc comes into view.
The orc shouts!
The orc warrior shouts!
You hit the orc.
The orc is moderately wounded.
The orc misses you.
You closely miss the orc.
The orc is moderately wounded.
The orc barely misses you.
You hit the orc.
The orc is severely wounded.
The orc hits you but does no damage.
You closely miss the orc.
The orc is severely wounded.
The orc barely misses you.
You closely miss the orc.
The orc is severely wounded.
You hit the orc.
You kill the orc!
The bat hits you but does no damage. The bat misses you. The orc hits you.
Things that are here:
a morningstar; a leather armour; an orc corpse You barely miss the orc warrior.
You hit the orc. The orc hits you.
The orc warrior hits you with a scimitar!!
Ouch! That really hurt!
* * * LOW HITPOINT WARNING * * *
You are too injured to fight recklessly!
You are too injured to fight recklessly!
You are too injured to fight recklessly!
You hit the orc.
You kill the orc!
The bat closely misses you.
You hit the bat.
The bat is moderately wounded.
The bat closely misses you.
The orc warrior throws a tomahawk.
The tomahawk barely misses you. The bat hits you.
* * * LOW HITPOINT WARNING * * *
The bat barely misses you.
You see here a short sword.
The bat hits you but does no damage. The bat barely misses you.
The bat hits you but does no damage.
You closely miss the bat.
The bat is moderately wounded.
The bat barely misses you. The bat closely misses you.
The bat barely misses you.
You hit the bat but do no damage.
The bat is moderately wounded.
The bat hits you but does no damage.
You closely miss the bat.
The bat is moderately wounded.
The bat hits you but does no damage. The bat closely misses you.
You hit the bat.
You kill the bat!
The orc warrior throws a tomahawk.
The tomahawk hits you.
* * * LOW HITPOINT WARNING * * *
You see here a tomahawk.
The orc warrior throws a tomahawk.
The tomahawk hits you!
You die...

###########
#....(....###
#..)o........
#o###.####.# #†# #.#
#.# #o# #(# #..# #@#
#...# #.# #....# #.#
#.....# ..#.. #.#
#......##.#.. #.#
##......##### #.#
......#...# #.#
########._.##
###.####......#...#.
##.....#.)....####'#.


You could see an orc warrior.

Vanquished Creatures
  3 adders (D:2)
  2 worms
  2 dart slugs (D:1)
  3 leopard geckos
  2 orcs (D:2)
  3 giant cockroaches
  6 goblins
  6 hobgoblins
  4 jackals (D:2)
  A quokka (D:2)
  A ball python (D:1)
  5 bats
  A frilled lizard (D:2)
  3 kobolds (D:1)
  7 rats
49 creatures vanquished.

Notes
Turn   | Place    | Note
-------+----------+-------------------------------------------
     0 | D:1      | sankara the Hill Orc Monk began the quest for the Orb.
     0 | D:1      | Reached XP level 1. HP: 19/19 MP: 1/1
   124 | D:1      | Reached XP level 2. HP: 18/27 MP: 2/2
   474 | D:1      | Reached skill level 4 in Fighting
   774 | D:1      | Reached skill level 5 in Axes
   796 | D:1      | Reached XP level 3. HP: 30/33 MP: 3/3
  1234 | D:2      | HP: 7/33 [worm (10)]
  1491 | D:2      | HP: 8/33 [poisoned by an adder]
  1499 | D:2      | HP: 7/33 [poisoned by an adder]
  1864 | D:2      | Found a hazy altar of Hepliaklqana.
  1865 | D:2      | Found a shimmering altar of Xom.
  1866 | D:2      | Noticed a spectral ugly thing
  1919 | D:2      | Reached XP level 4. HP: 16/41 MP: 4/4
  2443 | D:2      | Reached skill level 6 in Axes
  2610 | D:2      | Found a shattered altar of Ashenzari.
  2624 | D:2      | Found a deep blue altar of Sif Muna.
  2793 | D:2      | Noticed an orc warrior
  2817 | D:2      | HP: 10/41 [orc warrior/tomahawk (2)]
  2818 | D:2      | Hit by a tomahawk thrown by an orc warrior

Vault maps used:
D:1:      minmay_arrival_wavy_path
D:2:      regret_index_temple_of_mockery, lemuel_doored_altar,
          nicolae_ashenzari_panopticon

Skill      XL: |  1  2  3  4 |
---------------+-------------+-----
Fighting       | 4 |  4.6
Axes           | 5 6 |  6.1
Dodging        | |  2.4
Stealth        | |  1.5

Action                   |  1- 3 |  4- 6 || total
-------------------------+-------+-------++-------
Melee: Hand axe          |   137 |    62 ||   199
 Stab: Sleeping          |     1 |       ||     1
  Eat: Chunk             |     3 |     3 ||     6
Armor: Robe              |    22 |    15 ||    37
Dodge: Dodged            |    99 |    48 ||   147

Table legend:
 A = Spawn XP
 B = Non-spawn XP
 C = Spawn XP percentage of total XP
 D = Spawn monster count
 E = Non-spawn monster count
 F = Spawn count percentage of total count
 G = Total turns spent on level
                    A         B        C        D         E        F      G
               +---------+---------+-------+---------+---------+-------+---------
         Total |       0 |     133 |   0.0 |       0 |      49 |   0.0 |  2818
               +---------+---------+-------+---------+---------+-------+---------
           D:1 |       0 |      45 |   0.0 |       0 |      23 |   0.0 |  1491
           D:2 |       0 |      88 |   0.0 |       0 |      26 |   0.0 |  1327
               +---------+---------+-------+---------+---------+-------+---------

Vault maps used:
D:1:      minmay_arrival_wavy_path
D:2:      regret_index_temple_of_mockery, lemuel_doored_altar,
          nicolae_ashenzari_panopticon

Table legend:
 A = Turns spent in this place as a percentage of turns spent in the entire game.
 B = Non-inter-level travel turns spent in this place as a percentage of non-inter-level travel turns spent in the entire game.
 C = Inter-level travel turns spent in this place as a percentage of turns spent in this place.
 D = Turns resting spent in this place as a percentage of non-inter-level travel turns spent in this place.
 E = Turns spent auto-exploring this place as a percentage of non-inter-level travel turns spent in this place.
 F = Non-inter-level travel turns spent in this place divided by the number of levels of this place that you've seen.
                   A       B       C       D       E      F
               +-------+-------+-------+-------+-------+----------------------
         Total | 100.0 | 100.0 |   1.1 |  51.9 |  31.2 | 1394.0
       Dungeon | 100.0 | 100.0 |   1.1 |  51.9 |  31.2 | 1394.0
               +-------+-------+-------+-------+-------+----------------------

Table legend:
 A = Kills in this place as a percentage of kills in entire the game.
 B = Kills by you in this place as a percentage of kills by you in the entire game.
 C = Kills by friends in this place as a percentage of kills by friends in the entire game.
 D = Other kills in this place as a percentage of other kills in the entire game.
 E = Experience gained in this place as a percentage of experience gained in the entire game.
 F = Experience gained in this place divided by the number of levels of this place that you have seen.
                   A       B       C       D       E      F
               +-------+-------+-------+-------+-------+----------------------
         Total | 100.0 | 100.0 |   N/A |   N/A | 100.0 |  66.5
       Dungeon | 100.0 | 100.0 |   N/A |   N/A | 100.0 |  66.5
               +-------+-------+-------+-------+-------+----------------------
